[Event "Team 45 45 League T30"]
[Site "Internet Chess Club"]
[Date "2006.04.17"]
[Round "4"]
[White "rjml"]
[Black "Flying-Tiger"]
[Result "1-0"]
[WhiteElo "2017"]
[BlackElo "1799"]
[TimeControl "2700+45"]

1. e4 c5 2. Nf3 g6 3. d4 cxd4 4. Nxd4 Nc6 5. c4 Nf6 6. Nc3 d6 7. Be2 Nxd4 8.
Qxd4 Bg7 9. Be3 O-O 10. Qd2 Be6 11. O-O Ng4 12. Bd4 Ne5 13. b3 Qa5 14. f4 Nc6
15. Bxg7 Kxg7 16. Rad1 f5 17. Bf3 Rad8 18. Rfe1 Rfe8 19. Qb2 Kg8 20. exf5 Bxf5
21. Nd5 Kf7 22. b4 Qa4 23. b5 Na5 24. Rxe7+ Rxe7 25. Qf6+ Kg8 26. Nxe7# {Black
checkmated} 1-0  aics%

[Event "Team 45 45 League T30"]
[Site "Internet Chess Club"]
[Date "2006.04.15"]
[Round "4"]
[White "AndrewYang"]
[Black "chiiwen"]
[Result "0-1"]
[WhiteElo "1585"]
[BlackElo "1745"]
[TimeControl "2700+45"]

1. e4 c5 2. Nf3 Nc6 3. d4 cxd4 4. Nxd4 g6 5. Nc3 Bg7 6. Be3 Nf6 7. f3 O-O 8. Qd2
d5 9. exd5 Nxd5 10. Nxd5 Qxd5 11. O-O-O Qxa2 12. c3 Nxd4 13. Bxd4 Bf5 14. Bd3
Bxd3 15. Qxd3 e5 16. Be3 a5 17. h4 a4 18. h5 a3 19. Bc5 Qxb2# {White checkmated}
0-1  aics%

[Event "Team 45 45 League T30"]
[Site "Internet Chess Club"]
[Date "2006.04.15"]
[Round "4"]
[White "MaunaKeaMike"]
[Black "Miles72"]
[Result "0-1"]
[WhiteElo "1827"]
[BlackElo "1778"]
[TimeControl "2700+45"]

1. Nf3 d5 2. g3 Nf6 3. Bg2 c6 4. O-O Bg4 5. h3 Bf5 6. d3 Nbd7 7. Nbd2 e5 8. Re1
Bc5 9. e4 Be6 10. exd5 cxd5 11. Nxe5 Nxe5 12. Rxe5 Qc7 13. Nf3 Nd7 14. Rg5 h6
15. Bf4 Qb6 16. Rxg7 Kf8 17. Rxf7+ Bxf7 18. d4 Bd6 19. Ne5 Nxe5 20. dxe5 Bc5 21.
Qd2 Re8 22. Bxh6+ Rxh6 23. Qxh6+ Qxh6 {White resigns} 0-1  aics%

[Event "Team 45 45 League T30"]
[Site "Internet Chess Club"]
[Date "2006.04.15"]
[Round "4"]
[White "Grenadier"]
[Black "Cotesita"]
[Result "1-0"]
[WhiteElo "1628"]
[BlackElo "1635"]
[TimeControl "2700+45"]

1. e4 c5 2. d4 cxd4 3. c3 dxc3 4. Nxc3 Nc6 5. Nf3 e6 6. Bc4 Nge7 7. Bf4 d5 8.
exd5 exd5 9. Bxd5 Nxd5 10. Nxd5 Qa5+ 11. Qd2 Bb4 12. Nxb4 Qxb4 13. Qxb4 Nxb4 14.
O-O O-O 15. Bd6 Nc2 16. Rac1 Bf5 17. Bxf8 Kxf8 18. a3 {Black resigns} 1-0  aics%

[Event "Team 45 45 League T30"]
[Site "Internet Chess Club"]
[Date "2006.04.19"]
[Round "4"]
[White "gravitydk"]
[Black "garethn"]
[Result "1/2-1/2"]
[WhiteElo "1761"]
[BlackElo "1751"]
[TimeControl "2700+45"]

1. e4 e5 2. Nf3 Nc6 3. Bb5 a6 4. Ba4 Nf6 5. O-O Nxe4 6. d4 b5 7. Bb3 d5 8. dxe5
Be6 9. Be3 Bc5 10. a4 Bxe3 11. fxe3 Na5 12. Nbd2 Nxb3 13. Nxb3 c5 14. axb5 axb5
15. Qe2 Rb8 16. Nfd2 Nxd2 17. Qxd2 Qc7 18. Qc3 c4 19. Nd4 O-O 20. Ra6 Qxe5 21.
Nxe6 Qxc3 22. bxc3 fxe6 23. Rxe6 Rbe8 24. Rxf8+ Kxf8 25. Rxe8+ Kxe8 26. Kf2 Ke7
27. Kf3 Kf6 28. Kf4 g5+ 29. Kf3 h5 30. e4 Ke5 31. exd5 Kxd5 32. g3 Ke5 33. h3
Kf5 34. g4+ hxg4+ 35. hxg4+ Ke5 36. Ke3 Kd5 {Game drawn by mutual agreement}
1/2-1/2  aics%

[Event "Team 45 45 League T30"]
[Site "Internet Chess Club"]
[Date "2006.04.14"]
[Round "4"]
[White "jongalt97"]
[Black "HoHo"]
[Result "0-1"]
[WhiteElo "1707"]
[BlackElo "1698"]
[TimeControl "2700+45"]

1. d4 d5 2. c4 c6 3. cxd5 cxd5 4. Nf3 Nf6 5. Bf4 Nc6 6. e3 Bf5 7. a3 h6 8. h3 e6
9. Qa4 Bd6 10. Bb5 Qc7 11. Ne5 O-O 12. Bxc6 bxc6 13. Qxc6 Bxe5 14. Qxc7 Bxc7 15.
Bxc7 Rfc8 16. Nc3 Rxc7 17. Kd2 Ne4+ 18. Nxe4 Bxe4 19. Rhc1 Rac8 20. f3 Rxc1 21.
Rxc1 Rxc1 22. Kxc1 Bd3 23. g3 Kf8 24. Kd2 Bc4 25. Kc3 Ke7 26. b3 Ba6 27. a4 Kd6
28. b4 Kc6 29. b5+ Bxb5 30. axb5+ Kxb5 31. Kb3 a5 32. g4 a4+ 33. Kc3 a3 34. f4
a2 35. Kb2 Kc4 {White resigns} 0-1  aics%

[Event "Team 45 45 League T30"]
[Site "Internet Chess Club"]
[Date "2006.04.16"]
[Round "4"]
[White "fredd"]
[Black "fgameiro"]
[Result "1-0"]
[WhiteElo "1634"]
[BlackElo "1539"]
[TimeControl "2700+45"]

1. d4 d5 2. c4 dxc4 3. Nc3 Nf6 4. e3 e6 5. Bxc4 a6 6. Nf3 c5 7. d5 b5 8. Bb3 c4
9. Bc2 exd5 10. O-O Bc5 11. e4 d4 12. e5 Ng8 13. Be4 Ra7 14. Bg5 f6 15. exf6
gxf6 16. Bxf6 Nxf6 17. Ne5 h5 18. Bg6+ Ke7 19. Nf7 Qg8 20. Qe2+ Be6 21. Nxh8
dxc3 22. Bf7 Qg4 23. Ng6+ Kd8 24. Rad1+ Nbd7 25. Qxe6 Qxe6 26. Bxe6 cxb2 27. Ne5
c3 28. Nc6+ Kc7 29. Nxa7 Bxa7 30. Bf5 Nc5 31. Rfe1 Nfe4 32. Rxe4 Nxe4 33. Bxe4
Kb6 34. f4 Ka5+ 35. Kf1 Ka4 36. f5 Bc5 37. f6 Ka3 38. Bb1 c2 39. Bxc2 Kxa2 40.
Rd5 Bf8 41. f7 b1=Q+ 42. Bxb1+ Kxb1 43. Rd8 Bh6 44. Ra8 Bf8 {Black resigns} 1-0 
aics%

[Event "Team 45 45 League T30"]
[Site "Internet Chess Club"]
[Date "2006.04.18"]
[Round "4"]
[White "Milo"]
[Black "chesskilleruk"]
[Result "1/2-1/2"]
[WhiteElo "2389"]
[BlackElo "2360"]
[TimeControl "2700+45"]

1. e4 c5 2. Nf3 d6 3. d4 cxd4 4. Nxd4 Nf6 5. Nc3 g6 6. Be3 Bg7 7. f3 Nc6 8. Qd2
O-O 9. Bc4 Bd7 10. O-O-O Ne5 11. Bb3 Rc8 12. h4 h5 13. Bg5 Rc5 14. g4 hxg4 15.
f4 Nc4 16. Qe2 b5 17. f5 Qa5 18. Bxf6 Bxf6 19. Qxg4 Kg7 20. Qg3 Be5 21. Qf3 Qb4
22. Nd5 Rxd5 23. exd5 Nxb2 24. c3 Qa3 25. Nc2 Nd3+ 26. Kd2 Qb2 27. Qxd3 Bxf5 28.
Rb1 Qxb1 29. Rxb1 Bxd3 30. Kxd3 Rh8 31. Rh1 f5 32. Nd4 a6 33. Ne6+ Kf6 34. Rh3
Rc8 35. c4 a5 36. a4 bxc4+ 37. Bxc4 Rb8 38. Bb5 Rc8 39. Kd2 Bb2 40. Bc6 Rb8 41.
Bb5 Ke5 42. Re3+ Kxd5 43. Nf4+ Kd4 44. Ne6+ Kd5 45. Nf4+ Kd4 46. Rxe7 Rc8 47.
Nxg6 Bc1+ 48. Kd1 Be3 49. Re6 Rc1+ 50. Ke2 Rc2+ 51. Kf3 Rf2+ 52. Kg3 f4+ 53. Kg4
Rg2+ 54. Kf5 d5 55. Rc6 f3 56. Ne5 Rg3 57. Rc2 Bh6 58. Ng4 Rg2 59. Rc6 Bd2 60.
h5 Rg3 61. Rc2 Be3 62. Rh2 f2 63. h6 Bxh6 64. Rxh6 Rf3+ 65. Ke6 f1=Q 66. Bxf1
Rxf1 67. Rh5 Rf4 68. Rxd5+ Kc4 69. Ne5+ Kb3 70. Nd3 Re4+ 71. Kd6 Rh4 72. Nc5+
Kc4 73. Kc6 Rh6+ 74. Rd6 Rh5 75. Nb7 Rh1 76. Rg6 Rh4 77. Kb6 Kb4 78. Nc5 Rc4 79.
Rc6 Rh4 80. Re6 Rg4 81. Rh6 Kc4 82. Rh5 Kb4 83. Rh6 Kc4 84. Rc6 Kb4 85. Re6 Rh4
86. Rg6 Kc4 {Game drawn by mutual agreement} 1/2-1/2  aics%  torrepetisa(71):
universidad de oviedo, abre con google aics%

[Event "Team 45 45 League T30"]
[Site "Internet Chess Club"]
[Date "2006.04.18"]
[Round "4"]
[White "iwulu"]
[Black "jpitt"]
[Result "1/2-1/2"]
[WhiteElo "2264"]
[BlackElo "2380"]
[TimeControl "2700+45"]

1. d4 Nf6 2. c4 g6 3. Nc3 d5 4. Nf3 Bg7 5. Bg5 Ne4 6. cxd5 Nxg5 7. Nxg5 e6 8.
Nf3 exd5 9. e3 a5 10. Be2 O-O 11. O-O Re8 12. Rc1 c6 13. a3 Bf8 14. Na4 Bd6 15.
Nc5 Qe7 16. h3 Nd7 17. Nd3 Nf6 18. Nfe5 Ne4 19. Bg4 f6 20. Bxc8 fxe5 21. dxe5
Raxc8 22. exd6 Nxd6 23. b3 Ne4 24. a4 Red8 25. Qc2 Kh8 26. Rfe1 Kg8 27. Nf4 Qf7
28. Nd3 Re8 29. Nc5 Qe7 30. Nxe4 Qxe4 31. Red1 Qxc2 32. Rxc2 Re4 33. Rxd5 Rb4
34. Rd3 c5 35. Rc4 Rc7 36. Kf1 Kf7 37. Ke2 Ke6 38. Kd2 Rb6 39. Kc3 Rbc6 40. Re4+
Kf6 41. Kc4 Rb6 42. Kc3 Rb4 43. Rd6+ Kg7 44. Rc4 Kf7 45. f4 Re7 46. Rxb4 cxb4+
47. Kd2 Rc7 48. e4 Ke7 49. Rd3 Ke6 50. g4 Rc5 51. g5 b5 52. axb5 Rxb5 53. Rd8
Rc5 54. Rd3 Rb5 55. h4 Rc5 56. Rf3 Rb5 57. Kd3 Rb8 58. Rf2 Rd8+ 59. Ke3 Rc8 60.
Kd4 Rc3 61. f5+ gxf5 62. exf5+ Kf7 63. Ra2 Rxb3 64. Rxa5 Rh3 65. Ra7+ Kg8 66.
Ke5 Ra3 67. Rb7 Ra5+ 68. Kf6 Ra6+ 69. Ke7 Ra5 70. Rb8+ Kg7 71. f6+ Kg6 72. Rg8+
Kf5 73. f7 Ra7+ 74. Kf8 b3 75. Kg7 Rb7 76. Kh6 Rxf7 77. Rb8 Kg4 78. h5 Rf3 79.
g6 hxg6 80. hxg6 Rh3+ 81. Kg7 Kf5 82. Kf7 Ke5 83. g7 Rf3+ 84. Ke7 Rg3 85. g8=Q
{Game drawn by mutual agreement} 1/2-1/2  aics%

[Event "Team 45 45 League T30"]
[Site "Internet Chess Club"]
[Date "2006.04.13"]
[Round "4"]
[White "gracey"]
[Black "equi"]
[Result "0-1"]
[WhiteElo "2016"]
[BlackElo "1829"]
[TimeControl "2700+45"]

1. d4 Nf6 2. c4 g6 3. Nc3 Bg7 4. e4 d6 5. f4 O-O 6. Nf3 Na6 7. Be2 c5 8. e5 Nd7
9. exd6 cxd4 10. Nxd4 Nb6 11. Ndb5 exd6 12. Nxd6 Qe7 13. Nce4 Rd8 14. O-O f5 15.
Nxc8 Raxc8 16. Nd2 Qe3+ 17. Kh1 Bxb2 18. Bxb2 Rxd2 19. Bc1 Rxd1 20. Bxe3 Rxa1
21. Rxa1 Re8 22. Bxb6 axb6 23. Bf3 Nc5 24. Kg1 Ra8 25. Bd5+ Kf8 26. h4 Ra3 27.
h5 gxh5 28. Rb1 Rxa2 29. Rxb6 Rc2 30. Rf6+ Kg7 31. Rxf5 h4 32. Rf7+ Kh6 33. Kh2
Rc3 34. f5 Kg5 35. Kg1 Nd3 36. Be6 Rc1+ 37. Kh2 Nf2 38. g3 Ng4+ 39. Kh3 Rh1+ 40.
Kg2 Rh2+ 41. Kg1 hxg3 42. Rg7+ Kf4 43. Rxb7 Rc2 44. Rb1 h5 45. Rf1+ Kg5 46. f6
Nxf6 47. Rf5+ Kg6 48. Rb5 Rc1+ 49. Kg2 h4 50. Bf5+ Kh6 51. Rc5 Nh5 52. Kf3 Rf1+
53. Kg2 Rf2+ 54. Kg1 Nf4 {White resigns} 0-1  aics% 



MaX40(71): voy
aics%

[Event "ICC 45 45"]
[Site "Internet Chess Club"]
[Date "2006.04.13"]
[Round "4"]
[White "VentasD"]
[Black "DTK"]
[Result "1/2-1/2"]
[WhiteElo "2115"]
[BlackElo "2119"]
[TimeControl "2700+45"]

1. c4 e5 2. Nc3 f5 3. g3 Nc6 4. Bg2 Nf6 5. d3 b6 6. Nf3 Bd6 7. Nb5 Bb7 8. Nxd6+
cxd6 9. O-O O-O 10. Qb3 Qc7 11. c5+ d5 12. cxb6 Qxb6 13. Qxb6 axb6 14. Be3 d4
15. Bg5 d6 16. Bxf6 Rxf6 17. Nd2 Na5 18. Rfc1 Bxg2 19. Kxg2 d5 20. Rc7 Rc6 21.
Rxc6 Nxc6 22. a3 Re8 23. Rc1 Re6 24. b4 Kf7 25. Nf3 Kf6 26. b5 Nd8 27. Rc7 Nf7
28. a4 h6 29. Rb7 g5 30. h3 g4 31. Nd2 h5 32. Nb3 Nd8 33. Rd7 Nf7 34. Rxd5 Re7
35. Nxd4 gxh3+ 36. Kxh3 exd4 37. Rxd4 Rxe2 38. Kg2 Ra2 39. Rd7 Rxa4 40. Rb7 Rd4
41. Rxb6+ Nd6 42. Rc6 Rxd3 43. b6 Ke6 44. Rc7 Rb3 45. Rh7 Rxb6 46. Rxh5 Rb2 47.
Rh4 Ne4 48. Rf4 Ke5 49. Rf3 Rc2 50. Rf4 {Game drawn by mutual agreement} 1/2-1/2
 aics%  Pulgarcito66(71): aunque acabe atracando :-) aics%

[Event "Team 45 45 League T30"]
[Site "Internet Chess Club"]
[Date "2006.04.17"]
[Round "4"]
[White "syy89"]
[Black "WesleyCrusher"]
[Result "1-0"]
[WhiteElo "2111"]
[BlackElo "2012"]
[TimeControl "2700+45"]

1. e4 c5 2. Nf3 d6 3. d4 cxd4 4. Nxd4 Nf6 5. Nc3 a6 6. f3 h5 7. Be3 e5 8. Nb3
Be6 9. Nd5 Nxd5 10. exd5 Bf5 11. Bd3 Bxd3 12. Qxd3 Nd7 13. O-O-O Be7 14. Kb1 Bg5
15. Bf2 Qc7 16. h4 Bf6 17. Rhe1 Rc8 18. Nd2 b5 19. Ne4 Be7 20. g4 hxg4 21. fxg4
Qc4 22. g5 g6 23. Qd2 a5 24. Re3 b4 25. b3 Qc7 26. c4 a4 27. Rf3 axb3 28. axb3
Ra8 29. Qb2 Qa5 30. c5 dxc5 31. d6 Bd8 32. Nxc5 Nxc5 33. Qxe5+ Kd7 34. Rxf7+ Kc6
35. Qd5+ {Black resigns} 1-0  aics%

[Event "Team 45 45 League T30"]
[Site "Internet Chess Club"]
[Date "2006.04.15"]
[Round "4"]
[White "WFN2"]
[Black "Quoyle"]
[Result "0-1"]
[WhiteElo "2286"]
[BlackElo "2455"]
[TimeControl "2700+45"]

1. d4 d5 2. Nf3 Nf6 3. Bf4 c5 4. e3 Nc6 5. c3 Qb6 6. Qb3 c4 7. Qc2 Bf5 8. Qc1 e6
9. Be2 Be7 10. Nbd2 O-O 11. O-O Rfc8 12. Bd1 Qd8 13. Bc2 Bxc2 14. Qxc2 b5 15. e4
b4 16. Rfe1 Qa5 17. Bg5 bxc3 18. bxc3 Nxe4 19. Nxe4 dxe4 20. Bxe7 exf3 21. Bc5
fxg2 22. Re3 Qc7 23. Qe4 Rab8 24. Rh3 h6 25. Rg3 Ne7 26. Bxe7 Qxe7 27. Qf4 Kh8
28. Kxg2 Rb2 29. Rg1 Qf6 {White resigns} 0-1

[Event "Team 45 45 League T30"]
[Site "Internet Chess Club"]
[Date "2006.04.16"]
[Round "4"]
[White "Zillmer"]
[Black "jorobo"]
[Result "0-1"]
[WhiteElo "1892"]
[BlackElo "2191"]
[TimeControl "2700+45"]

1. e4 e6 2. d4 d5 3. e5 c5 4. c3 Qb6 5. Nf3 Nc6 6. Bd3 cxd4 7. cxd4 Bd7 8. O-O
Nxd4 9. Nxd4 Qxd4 10. Nc3 Qxe5 11. Re1 Qb8 12. Nxd5 Bd6 13. Qg4 Kf8 14. Bd2 h5
15. Qh3 Nh6 16. Ne3 Kg8 17. Bc3 Be5 18. Bxe5 Qxe5 19. Nc4 Qf6 20. Ne5 Ng4 21.
Nxd7 Qxf2+ 22. Kh1 Qxe1+ 23. Rxe1 Nf2+ 24. Kg1 Nxh3+ 25. gxh3 Rd8 26. Rd1 Rxd7
27. Bh7+ Kxh7 28. Rxd7 Kg6 29. Rxb7 Rc8 30. a3 a5 31. Rb5 Rc2 {White resigns}
0-1  aics%

[Event "Team 45 45 League T30"]
[Site "Internet Chess Club"]
[Date "2006.04.16"]
[Round "4"]
[White "Knight77"]
[Black "SluMan"]
[Result "1-0"]
[WhiteElo "1812"]
[BlackElo "2024"]
[TimeControl "2700+45"]

1. Nf3 f5 2. d4 Nf6 3. c4 e6 4. e3 Be7 5. Bd3 b6 6. Nc3 Bb7 7. Qe2 O-O 8. O-O
Ne4 9. Bxe4 fxe4 10. Nd2 d5 11. f3 exf3 12. Nxf3 Bf6 13. b3 Qe8 14. e4 Qg6 15.
exd5 exd5 16. Qe6+ Kh8 17. Ne5 Qe8 18. Qxe8 Rxe8 19. Nxd5 Na6 20. Nxf6 gxf6 21.
Rxf6 Re7 22. Bb2 Kg8 23. Raf1 Rd8 24. Nf7 Rde8 25. d5 Re2 26. Bc3 Rc2 27. Nh6+
Kg7 28. Nf5+ Kg8 29. Ne7+ Kg7 30. Rf7+ Kh6 31. Bg7+ Kg5 32. R7f5+ Kg4 33. R1f4#
{Black checkmated} 1-0  aics%

[Event "Team 45 45 League T30"]
[Site "Internet Chess Club"]
[Date "2006.04.18"]
[Round "4"]
[White "Satan"]
[Black "MSStateBulldog"]
[Result "0-1"]
[WhiteElo "2150"]
[BlackElo "2404"]
[TimeControl "2700+45"]

1. e4 e5 2. Nf3 Nc6 3. Bc4 Bc5 4. c3 Nf6 5. d4 exd4 6. cxd4 Bb4+ 7. Nc3 Nxe4 8.
O-O Bxc3 9. d5 Bf6 10. Re1 Ne7 11. Rxe4 d6 12. Bg5 Bxg5 13. Nxg5 h6 14. Qe2 hxg5
15. Re1 Be6 16. dxe6 f6 17. Re3 c6 18. Rh3 Rxh3 19. gxh3 g6 20. Rd1 d5 21. h4
Qc7 22. hxg5 fxg5 23. Qf3 Qf4 24. Be2 Qxf3 25. Bxf3 Nf5 26. b4 Ke7 27. b5 Kxe6
28. bxc6 bxc6 29. Rb1 Kd6 30. Rb7 Re8 31. Bg4 Re7 32. Rb8 c5 33. Rg8 Re6 34.
Bxf5 gxf5 35. Rxg5 Ke5 36. Rg7 c4 37. Rxa7 c3 38. Rc7 Kd4 39. Kg2 Kd3 40. Kf3 c2
41. Kf4 Re4+ 42. Kxf5 Rc4 {White resigns} 0-1  aics%

[Event "Team 45 45 League T30"]
[Site "Internet Chess Club"]
[Date "2006.04.14"]
[Round "4"]
[White "AnantDole"]
[Black "onslaught"]
[Result "1-0"]
[WhiteElo "2177"]
[BlackElo "2118"]
[TimeControl "2700+45"]

1. e4 e5 2. Nf3 Nc6 3. Bb5 a6 4. Ba4 Nf6 5. O-O Be7 6. Re1 b5 7. Bb3 O-O 8. a4
Bb7 9. d3 d6 10. Nbd2 Nd7 11. Nf1 Nc5 12. Ba2 Nxa4 13. c3 Bf6 14. Ne3 Ne7 15.
Ng4 Nc6 16. Nxf6+ Qxf6 17. Bg5 Qg6 18. Qd2 h6 19. Be3 Ne7 20. Bb3 Bc6 21. Nh4
Qh5 22. g3 Kh8 23. Bd1 {Black resigns} 1-0  aics%

[Event "Team 45 45 League T30"]
[Site "Internet Chess Club"]
[Date "2006.04.19"]
[Round "4"]
[White "Allessia"]
[Black "trivialpursuit"]
[Result "1-0"]
[WhiteElo "2167"]
[BlackElo "2037"]
[TimeControl "2700+45"]

1. e4 e5 2. Nf3 Nc6 3. Bc4 Nf6 4. d3 Bc5 5. Bg5 d6 6. Nc3 Be6 7. Nd5 Na5 8. Bb3
Nxb3 9. axb3 Bxd5 10. exd5 h6 11. Bxf6 Qxf6 12. O-O a6 13. Nd2 Qg6 14. Kh1 f5
15. f4 O-O 16. Qf3 exf4 17. Qxf4 Rae8 18. Rae1 Rxe1 19. Rxe1 Re8 20. Rxe8+ Qxe8
21. Qxf5 Qe3 22. Qe6+ Kf8 23. Qxe3 Bxe3 24. Nf3 Bc1 25. Nd4 Kf7 26. Ne6 c6 27.
dxc6 bxc6 28. Nd8+ Kf6 29. Nxc6 Bxb2 30. Kg1 Ke6 31. Kf2 Bc3 32. Ke3 Kd5 33.
Ne7+ Ke6 34. Ng6 Bb2 35. Nf4+ Ke5 36. Ne2 Ba3 37. c4 Bb4 38. d4+ Kf5 39. Ng3+
Ke6 40. Ke4 g6 41. d5+ Kf6 42. Ne2 Be1 43. Nd4 a5 44. Nc2 Bd2 45. Ne3 Bc3 46.
Kd3 Bb4 47. Nc2 Bc5 48. Nd4 Bb6 49. Nb5 Ke5 50. Nc3 Bg1 51. h3 Bb6 52. Ne4 g5
53. g3 Ba7 54. Nd2 Bf2 55. Nf3+ Kf6 56. g4 Bc5 57. Ke4 Bb4 58. Nd4 Bc3 59. Nf5
Be5 60. Nxh6 Bb2 61. Nf5 Be5 62. Nd4 Bf4 63. Kd3 Bg3 64. Nc6 Be1 65. Ke4 Bc3 66.
Nd8 Bb4 67. Nb7 Ke7 68. Kd4 Be1 69. c5 dxc5+ 70. Kxc5 Kd7 71. d6 Bg3 72. Kd5 Be1
73. Nc5+ Kc8 74. d7+ Kc7 75. Ke6 Bb4 76. Na6+ Kd8 77. Nxb4 axb4 78. Kd5 Kxd7 79.
Kc4 Ke6 80. Kxb4 Ke5 81. Kc4 Kf4 82. b4 Kg3 83. b5 Kxh3 84. b6 Kxg4 85. b7 Kf3
86. b8=Q g4 87. Qf8+ Kg2 88. Kd3 g3 89. Ke2 Kh1 90. Qf1+ Kh2 91. Kf3 {Black
resigns} 1-0  aics%

[Event "Team 45 45 League T30"]
[Site "Internet Chess Club"]
[Date "2006.04.17"]
[Round "4"]
[White "izit"]
[Black "Parsival"]
[Result "1/2-1/2"]
[WhiteElo "2168"]
[BlackElo "2118"]
[TimeControl "2700+45"]

1. e4 c5 2. Nf3 e6 3. d4 cxd4 4. Nxd4 Nf6 5. Nc3 Nc6 6. Nxc6 bxc6 7. e5 Nd5 8.
Ne4 Qc7 9. f4 Qb6 10. c4 Ne3 11. Qd3 Nxf1 12. Kxf1 Be7 13. b3 c5 14. Bb2 Bb7 15.
Nd6+ Bxd6 16. exd6 O-O 17. Re1 Qc6 18. Re2 f6 19. Kg1 Rae8 20. h4 e5 21. fxe5
fxe5 22. Rh3 Re6 23. Rd2 Rg6 24. Rg3 Rxg3 25. Qxg3 Qe4 26. Bxe5 Rf7 27. Bc3 Bc6
28. h5 Qb1+ 29. Kh2 Qf5 30. Kg1 Qxh5 31. Qe3 Qf5 32. Re2 h6 33. Qe5 Qg4 34. Be1
Rf6 35. Qb2 Re6 36. Rxe6 Qxe6 37. Bg3 Qe4 38. Be5 Qg4 39. Qf2 Qd1+ 40. Qf1 Qg4
41. Qf2 h5 42. Qg3 Qxg3 43. Bxg3 Be4 44. Bf2 Bb1 45. a3 Ba2 46. Bxc5 Bxb3 47.
Bxa7 Bxc4 48. g3 {Game drawn by mutual agreement} 1/2-1/2  aics%

[Event "Team 45 45 League T30"]
[Site "Internet Chess Club"]
[Date "2006.04.19"]
[Round "4"]
[White "Firebullet"]
[Black "Sir-Knightly"]
[Result "0-1"]
[WhiteElo "1923"]
[BlackElo "2293"]
[TimeControl "2700+45"]

1. d4 Nf6 2. c4 g6 3. f3 d5 4. cxd5 Nxd5 5. e4 Nb6 6. Nc3 Bg7 7. Be3 O-O 8. Qd2
Nc6 9. Rd1 e5 10. d5 Nd4 11. Nb5 f5 12. Nxd4 exd4 13. Bxd4 Bxd4 14. Qxd4 fxe4
15. fxe4 Qh4+ 16. g3 Qe7 17. Be2 Bd7 18. Nf3 Rae8 19. e5 Bh3 20. Rg1 c5 21. Qh4
Qxh4 22. gxh4 Bf5 23. d6 Nd7 24. h5 Nxe5 25. Nxe5 Rxe5 26. Kd2 Rd8 27. Bc4+ Kg7
28. hxg6 Rxd6+ 29. Kc1 Rxd1+ 30. Rxd1 hxg6 31. Bd5 b6 32. b3 Re2 33. Rd2 Rxd2
34. Kxd2 Kf6 35. Ke3 Ke5 36. Bf3 g5 37. Be2 Be6 38. Kd3 Kf4 39. Kd2 Bg4 40. Ba6
Bf5 41. Be2 g4 42. a3 a5 43. Bd1 b5 44. Be2 b4 45. axb4 axb4 46. Bd1 Kg5 47. Ke3
Kh4 48. Kf4 Bc8 49. Ke5 Bb7 50. Be2 Kh3 51. Kf4 Bf3 {White resigns} 0-1  aics%

[Event "Team 45 45 League T30"]
[Site "Internet Chess Club"]
[Date "2006.04.19"]
[Round "4"]
[White "forketta"]
[Black "nightflier"]
[Result "0-1"]
[WhiteElo "1936"]
[BlackElo "2056"]
[TimeControl "2700+45"]

1. d4 Nf6 2. c4 e6 3. Nc3 d5 4. cxd5 exd5 5. Bg5 Be7 6. e3 c6 7. Bd3 O-O 8. Qc2
Nbd7 9. Nge2 Re8 10. O-O Nf8 11. f3 Be6 12. Bh4 Rc8 13. Bf2 a6 14. Rad1 c5 15.
Kh1 b5 16. Bf5 cxd4 17. Nxd4 b4 18. Nxe6 fxe6 {White resigns} 0-1  aics%

[Event "Team 45 45 League T30"]
[Site "Internet Chess Club"]
[Date "2006.04.19"]
[Round "4"]
[White "jazzyrick"]
[Black "Joyoyo"]
[Result "0-1"]
[WhiteElo "1619"]
[BlackElo "1633"]
[TimeControl "2700+45"]

1. e4 e5 2. Nf3 Nf6 3. d4 Nxe4 4. Bd3 d5 5. Nxe5 Nd7 6. Nxd7 Bxd7 7. O-O Bd6 8.
Re1 O-O 9. Bxe4 dxe4 10. Rxe4 Bf5 11. Re1 Qh4 12. g3 Qh3 13. Qf3 Bg4 14. Qg2 Qh5
15. c4 c6 16. Nc3 f5 17. Re3 Rad8 18. d5 f4 19. gxf4 Rxf4 20. Rg3 Rxc4 21. f3
Bxg3 22. fxg4 Bxh2+ 23. Qxh2 Rxg4+ 24. Kh1 Rh4 {White resigns} 0-1  aics%

[Event "Team 45 45 League T30"]
[Site "Internet Chess Club"]
[Date "2006.04.18"]
[Round "4"]
[White "ogoon"]
[Black "az2112"]
[Result "1/2-1/2"]
[WhiteElo "1627"]
[BlackElo "1731"]
[TimeControl "2700+45"]

1. e4 d6 2. Nf3 Nf6 3. Nc3 g6 4. Bc4 Bg7 5. h3 O-O 6. d4 Nxe4 7. Nxe4 d5 8. Ned2
dxc4 9. Nxc4 c5 10. Be3 b5 11. Nce5 cxd4 12. Bxd4 Bb7 13. c3 e6 14. O-O Nd7 15.
Nxd7 Qxd7 16. Bxg7 Qxd1 17. Raxd1 Kxg7 18. Ne5 Rfd8 19. f3 Rd5 20. Rxd5 Bxd5 21.
a3 Bb3 22. Rf2 Rd8 23. Nc6 Rd7 24. Nd4 Bc4 25. b3 e5 26. bxc4 exd4 27. cxd4 Rxd4
28. cxb5 Ra4 29. Ra2 Rd4 30. a4 Rd6 31. Re2 a6 32. bxa6 Rxa6 33. Re4 Ra5 34. Kh2
h5 35. h4 f5 36. Rd4 Kf6 37. Kg3 Ke5 38. Rb4 Ra6 39. Rb5+ Kf6 40. a5 Kg7 41. Kf4
Kh6 42. g4 fxg4 43. fxg4 hxg4 44. Kxg4 Rc6 45. Rb6 Rc4+ 46. Kg3 Rc3+ 47. Kh2
Rc2+ 48. Kg3 Rc3+ 49. Kf2 Kh5 50. Rb4 Ra3 51. Rb5+ Kxh4 52. Rb4+ Kg5 53. Rb5+
Kf4 54. Rb6 Rxa5 55. Rxg6 Ra2+ 56. Ke1 Ke3 57. Re6+ {Game drawn by mutual
agreement} 1/2-1/2

[Event "Team 45 45 League T30"]
[Site "Internet Chess Club"]
[Date "2006.04.17"]
[Round "4"]
[White "AVEMARIA"]
[Black "crankn8tr"]
[Result "1/2-1/2"]
[WhiteElo "1670"]
[BlackElo "1639"]
[TimeControl "2700+45"]

1. e4 e5 2. Nf3 Nf6 3. Nxe5 d6 4. Nf3 Nxe4 5. Nc3 Nxc3 6. dxc3 Be7 7. Bf4 O-O 8.
Qd2 Nc6 9. O-O-O Be6 10. h4 a5 11. Kb1 a4 12. g3 Na5 13. Ng5 Bxg5 14. hxg5 Bg4
15. Qd3 g6 16. f3 Bf5 17. Qd4 Qd7 18. Bd3 Nc6 19. Qf2 f6 20. Bc4+ Be6 21. Bxe6+
Qxe6 22. Rde1 Ne5 23. Qh2 Rf7 24. Bxe5 fxe5 25. f4 Ra5 26. Qh6 e4 27. g4 Qxg4
28. Rxe4 Ra8 29. Rhe1 Qd7 30. Qh2 d5 31. Re5 c5 32. Qd2 Rd8 33. Rd1 b6 34. c4
dxc4 35. Qxd7 Rdxd7 36. Re8+ Kg7 37. Rxd7 Rxd7 38. c3 Rf7 39. Re4 b5 40. Kc2 h6
41. gxh6+ Kxh6 42. b3 cxb3+ 43. axb3 a3 44. Kb1 Rd7 45. Ka2 Rd3 46. c4 b4 47.
Re5 Rd4 48. Rxc5 Rxf4 49. Rb5 g5 50. c5 g4 51. c6 g3 52. c7 Rf2+ 53. Ka1 g2 54.
Rb6+ Kg5 55. Rb5+ Kf4 56. Rf5+ Kxf5 57. c8=Q+ Kf4 58. Qc4+ Ke3 59. Qc5+ Kf3 60.
Qf5+ Kg3 61. Qe5+ {Game drawn by mutual agreement} 1/2-1/2

[Event "Team 45 45 League T30"]
[Site "Internet Chess Club"]
[Date "2006.04.17"]
[Round "4"]
[White "gessie7"]
[Black "DynamoKyiv"]
[Result "0-1"]
[WhiteElo "1434"]
[BlackElo "1540"]
[TimeControl "2700+45"]

1. e4 e5 2. Nf3 Nc6 3. Bc4 Bc5 4. d3 Nf6 5. Nc3 a6 6. Bg5 d6 7. Nd5 Na5 8. Nxf6+
gxf6 9. Bh6 Rg8 10. g3 Bg4 11. h3 Bd7 12. Qd2 Nxc4 13. dxc4 Qe7 14. O-O-O O-O-O
15. Be3 Bxe3 16. Qxe3 f5 17. Qa7 Bc6 18. Qa8+ Kd7 19. Qa7 Bxe4 20. Nd2 Bxh1 21.
Rxh1 Rb8 22. Rd1 h5 23. Nb3 Ke6 24. c5 Rgd8 25. Nd4+ Kf6 26. Re1 dxc5 27. Nf3 e4
28. Nd2 Qd6 29. Nc4 Qd4 {White resigns} 0-1  aics%

[Event "Team 45 45 League T30"]
[Site "Internet Chess Club"]
[Date "2006.04.14"]
[Round "4"]
[White "SneakyRed"]
[Black "StevieBlunder"]
[Result "1-0"]
[WhiteElo "1895"]
[BlackElo "1629"]
[TimeControl "2700+45"]

1. e4 c5 2. Bc4 e6 3. Qe2 Nc6 4. c3 Qc7 5. d4 cxd4 6. Nf3 dxc3 7. Nxc3 Ne5 8.
Bb3 Ng6 9. O-O Nf6 10. Nb5 Qb8 11. e5 Ng4 12. Re1 a6 13. Nc3 Bb4 14. Bd2 Bxc3
15. Bxc3 O-O 16. Ng5 Nh6 17. Bc2 Nf5 18. Bb4 d6 19. Bxf5 exf5 20. Bxd6 Qa7 21.
Bxf8 Nxf8 22. Rac1 h6 23. Nf3 Be6 24. a3 b5 25. Qe3 Qb7 26. Nd4 Bd5 27. f3 Qd7
28. Rc5 Rd8 29. Rc3 g5 30. Nc2 Bb7 31. Qb6 Ne6 32. Ne3 f4 33. Rd1 Qe7 34. Rxd8+
Nxd8 35. Nf5 Qxe5 36. Qxd8+ Kh7 37. Qd2 Qxf5 38. Qd3 Kg6 39. Qxf5+ Kxf5 40. Rc7
Bd5 41. Ra7 Bc4 42. Rxa6 f6 43. Ra5 Kg6 44. Kf2 h5 45. b3 Bd3 46. a4 bxa4 47.
Rxa4 Bc2 48. Rb4 f5 49. Rb6+ Kg7 50. b4 g4 51. Rd6 h4 52. Rd4 g3+ 53. hxg3 fxg3+
54. Ke1 h3 55. gxh3 Ba4 56. Kf1 Kg6 57. Kg2 {Black resigns} 1-0  aics%